 Dungeon Crawl Stone Soup version 0.21.1-1-g345015f (webtiles) character file.

11272 sking99 the Spear-Bearer (level 11, -2/99 HPs)
             Began as a Minotaur Fighter on June 30, 2018.
             Was an Elder of Yredelemnul.
             Slain by a phantasmal warrior (20 damage)
             ... led by a death knight
             ... on level 11 of the Dungeon.
             The game lasted 00:30:33 (10273 turns).

sking99 the Spear-Bearer (Minotaur Fighter)        Turns: 10273, Time: 00:30:34

Health: -2/99      AC: 11    Str: 20    XL:     11   Next: 47%
Magic:  16/16      EV:  4    Int:  7    God:    Yredelemnul [****..]
Gold:   586        SH: 12    Dex: 14    Spells: 10/10 levels left

rFire    . . .     SeeInvis .   J - +3 trident (pierce)
rCold    . . .     Gourm    .   c - +0 shield
rNeg     + . .     Faith    .   H - +0 plate armour
rPois    .         Spirit   .   (helmet restricted)
rElec    .         Reflect  .   (no cloak)
rCorr    .         Harm     .   (no gloves)
MR       .....                  (no boots)
Stlth    ..........             (no amulet)
HPRegen  0.26/turn              y - +2 ring of intelligence
MPRegen  0.15/turn              I - ring of positive energy

@: no status effects
A: retaliatory headbutt, horns 2
a: Recall Undead Slaves, Injury Mirror, Animate Dead, Drain Life, Renounce
Religion


You were on level 11 of the Dungeon.
You worshipped Yredelemnul.
Yredelemnul was greatly pleased with you.
You were near starving.

You visited 2 branches of the dungeon, and saw 12 of its levels.

You collected 586 gold pieces.

Inventory:

Hand Weapons
 J - a +3 trident of piercing (weapon)
Missiles
 o - 4 throwing nets (quivered)
Armour
 c - a +0 shield (worn)
 H - a +0 plate armour (worn)
Jewellery
 y - a +2 ring of intelligence (left hand)
 D - an uncursed ring of fire
 I - a ring of positive energy (right hand)
Wands
 d - a wand of acid (8)
 A - a wand of iceblast (10)
Scrolls
 e - 3 scrolls of identify
 h - 6 scrolls of remove curse
 j - 2 scrolls of fear
 k - a scroll of enchant weapon
 m - 3 scrolls of amnesia
 r - a scroll of magic mapping
 s - 2 scrolls of fog {unknown}
 v - 2 scrolls of blinking {unknown}
 x - 2 scrolls of enchant armour {unknown}
 B - 2 scrolls of acquirement {unknown}
 C - 2 scrolls of teleportation
 E - 2 scrolls of torment {unknown}
Potions
 a - a potion of resistance {unknown}
 b - a potion of ambrosia
 g - a potion of cancellation
 i - 2 potions of flight
 l - 3 potions of heal wounds
 n - 7 potions of curing
 p - 2 potions of brilliance
 q - a potion of haste
 t - 3 potions of mutation
 w - a potion of agility {unknown}
 z - 2 potions of degeneration {unknown}
 K - a potion of lignification {unknown}
Books
 F - a Young Poisoner's Handbook

   Spells                             Type                      Level
   a - Sting                          Conjuration/Poison           1
   b - Poisonous Vapours              Poison/Air                   2
   c - Mephitic Cloud                 Conjuration/Poison/Air       3
   d - Olgreb's Toxic Radiance        Poison                       4
   e - Venom Bolt                     Conjuration/Poison           5
 G - a book of Cantrips

   Spells                             Type                      Level
   a - Confusing Touch                Hexes                        1
   b - Animate Skeleton               Necromancy                   1
   c - Summon Small Mammal            Summoning                    1
   d - Apportation                    Translocation                1
Comestibles
 f - 13 rations


   Skills:
 - Level 10.1 Fighting
 - Level 14.0 Polearms
 - Level 3.6 Armour
 + Level 9.7 Shields
 + Level 8.5 Invocations


You had 10 spell levels left.
You didn't know any spells.

Dungeon Overview and Level Annotations

Branches:
Dungeon (11/15)            Temple (1/1) D:4            Lair (0/6) D:8
    Orc (0/2) D:9

Altars:
Ashenzari
Cheibriados
Dithmenos
Elyvilon
Fedhas
Gozag
Hepliaklqana
Kikubaaqudgha
Makhleb
Nemelex Xobeh
Okawaru
Qazlal
Ru
Sif Muna
Trog
Uskayaw
Vehumet
Wu Jian
Xom
Yredelemnul
Zin
The Shining One

Shops:
D:4 %   D:7 !   D:10 *


Innate Abilities, Weirdness & Mutations

You reflexively headbutt those who attack you in melee.
You have a pair of horns on your head.


Message History

The freezing wraith freezes your kobold demonologist zombie.
Your kobold demonologist zombie resists.
The freezing wraith hits your kobold demonologist zombie!
Your kobold demonologist zombie hits the freezing wraith with a dagger.
Your kobold demonologist zombie barely misses the death knight.
The death knight hits you from afar with an enchanted halberd.
* * * LOW HITPOINT WARNING * * *
The phantasmal warrior blinks!
The death knight hits your kobold demonologist zombie with an enchanted halberd!!
Your kobold demonologist zombie hits the death knight but does no damage.
Your kobold demonologist zombie hits the freezing wraith but does no damage.
The death knight hits your kobold demonologist zombie with an enchanted halberd!!
The freezing wraith hits your kobold demonologist zombie!
Your kobold demonologist zombie is destroyed!
Your kobold demonologist zombie is no longer moving slowly.
You block the phantasmal warrior's attack.
The phantasmal warrior blinks!
The phantasmal warrior hits you!!
You die...
Your body rises from the dead as a mindless zombie.

#......)....### .# ....
(.###.....Z...............
...........Z......### .#..#
...##......##.##.# ....#
#.#.##.#...W.........##...#
.......#..#W##.##.##.##...##
#.##....#.##.##.##.##..... #
###..#.##.##.##.##...#
#..#@##.##.##.###..#
.####..#W##.##.##.# #Z.#
..........##.##.##.###..#
........................##
..........##.#..##.##.....
######.#####Z#..##.##.....
................+.....
###..####.#.###..#..>.. #.
#.#.# #..##+###


You could see a phantasmal warrior, a freezing wraith, a wraith, a friendly
kobold demonologist zombie and a friendly cyclops zombie.

Vanquished Creatures
  The ghost of shugdite the Carver, a novice MiFi of Okawaru (D:10)
  A skeletal warrior (D:11)
  The ghost of sking99 the Spear-Bearer, a novice MiFi (D:7)
  The ghost of wojtek the Chopper, a novice MiFi of Okawaru (D:5)
  An ugly thing (D:11)
  A cyclops (D:11)
  Maurice (D:10)
  3 kobold demonologists (D:11)
  A troll (D:9)
  2 hippogriffs (D:9)
  13 yaks
  A wyvern (D:10)
  2 hungry ghosts
  2 hell hounds (D:8)
  4 orc warriors
  An ice beast (D:11)
  5 ogres
  4 centaurs
  2 big kobolds (D:9)
  4 bullfrogs
  A gnoll sergeant (D:9)
  2 scorpions
  4 killer bees (D:10)
  7 howler monkeys
  4 crimson imps
  A centaur zombie (D:5)
  A bullfrog zombie (D:5)
  4 hounds
  6 orc priests
  4 jellies
  A centaur skeleton (D:10)
  6 orc wizards
  2 iguanas (D:6)
  10 worker ants
  A killer bee zombie (D:5)
  2 hound skeletons
  A worker ant zombie (D:7)
  6 gnolls (D:9)
  15 adders
  A shadow imp (D:6)
  5 oozes
  An adder skeleton (D:7)
  An adder zombie (D:9)
  3 worms
  A dart slug (D:2)
  4 leopard geckos
  35 orcs
  4 ball pythons
  3 bats
  3 giant cockroaches
  9 goblins
  10 hobgoblins
  6 jackals
  6 quokkas
  A ball python skeleton (D:4)
  2 frilled lizards
  16 kobolds
  2 quokka skeletons
  6 rats
248 creatures vanquished.

Vanquished Creatures (collateral kills)
  A kobold demonologist (D:11)
  A troll (D:11)
  2 yaks (D:10)
  2 ogres (D:9)
  3 big kobolds
  2 gnoll sergeants (D:9)
  A bullfrog skeleton (D:10)
  2 gnolls (D:9)
  3 adders
  A gnoll zombie (D:9)
  11 orcs
  4 kobolds
33 creatures vanquished.

Vanquished Creatures (others)
  A hell hound zombie (D:8)
  2 troll zombies
  A yak zombie (D:10)
  A wight (D:9)
  A yak skeleton (D:10)
  A kobold zombie (D:11)
  2 killer bee zombies (D:10)
  An ogre zombie (D:9)
  A big kobold zombie (D:9)
  A hound zombie (D:10)
  A dwarf skeleton (D:7)
  A mummy (D:11)
  2 howler monkey zombies
  A worker ant zombie (D:8)
  An adder zombie (D:7)
  2 adder skeletons
  A gnoll zombie (D:9)
  A goblin (D:1)
  A jackal zombie (D:7)
  An orc skeleton (D:11)
  10 orc zombies
34 creatures vanquished.

Grand Total: 315 creatures vanquished

Notes
Turn   | Place    | Note
-------+----------+-------------------------------------------
     0 | D:1      | sking99 the Minotaur Fighter began the quest for the Orb.
     0 | D:1      | Reached XP level 1. HP: 19/19 MP: 0/0
   141 | D:1      | Reached skill level 3 in Polearms
   141 | D:1      | Reached XP level 2. HP: 23/27 MP: 1/1
   822 | D:2      | Reached skill level 4 in Polearms
   822 | D:2      | Reached XP level 3. HP: 31/33 MP: 2/2
  1026 | D:2      | Reached XP level 4. HP: 38/41 MP: 3/3
  1491 | D:3      | Reached skill level 5 in Polearms
  1735 | D:3      | Reached XP level 5. HP: 47/47 MP: 4/4
  2133 | D:4      | Reached skill level 5 in Fighting
  2170 | D:4      | Found Umpad's Food Boutique.
  2219 | D:4      | Found a radiant altar of Vehumet.
  2219 | D:4      | Found a bloodstained altar of Trog.
  2220 | D:4      | Found an iron altar of Okawaru.
  2357 | D:4      | Noticed an ogre
  2366 | D:4      | Killed an ogre
  2366 | D:4      | Reached skill level 6 in Polearms
  2373 | D:4      | Reached XP level 6. HP: 36/56 MP: 5/5
  2565 | D:4      | Found a staircase to the Ecumenical Temple.
  2586 | Temple   | Entered the Ecumenical Temple
  2815 | Temple   | Became a worshipper of Yredelemnul the Dark
  2927 | D:4      | Reached skill level 7 in Polearms
  3180 | D:4      | Reached XP level 7. HP: 64/64 MP: 6/6
  3264 | D:5      | Entered Level 5 of the Dungeon
  3270 | D:5      | Reached skill level 8 in Polearms
  3404 | D:5      | Noticed wojtek's ghost (novice MiFi)
  3744 | D:5      | Found a deep blue altar of Sif Muna.
  3941 | D:5      | Killed wojtek's ghost
  3941 | D:5      | Reached skill level 9 in Polearms
  3941 | D:5      | Reached XP level 8. HP: 35/73 MP: 7/7
  4214 | D:5      | Reached skill level 10 in Polearms
  4480 | D:5      | Reached * piety under Yredelemnul
  5087 | D:5      | Found a glowing silver altar of Zin.
  5332 | D:6      | Reached skill level 11 in Polearms
  5841 | D:7      | Found Mupseu's Distillery.
  5867 | D:7      | Reached XP level 9. HP: 80/82 MP: 8/8
  5964 | D:7      | Noticed sking99's ghost (novice MiFi)
  5984 | D:7      | Killed sking99's ghost
  5984 | D:7      | Reached skill level 12 in Polearms
  5984 | D:7      | Reached skill level 1 in Invocations
  6163 | D:7      | Reached ** piety under Yredelemnul
  6850 | D:8      | Found a staircase to the Lair.
  7132 | D:8      | Reached skill level 10 in Fighting
  7132 | D:8      | Reached skill level 13 in Polearms
  7718 | D:8      | Found a sparkling altar of Nemelex Xobeh.
  7861 | D:9      | Reached *** piety under Yredelemnul
  8166 | D:9      | Reached XP level 10. HP: 93/93 MP: 10/12
  8462 | D:9      | Received a gift from Yredelemnul (a wight)
  8493 | D:9      | Found a staircase to the Orcish Mines.
  8542 | D:9      | Reached skill level 5 in Shields
  8578 | D:9      | Reached skill level 14 in Polearms
  8578 | D:9      | Reached skill level 5 in Invocations
  8909 | D:10     | Entered Level 10 of the Dungeon
  9234 | D:10     | Noticed shugdite's ghost (novice MiFi)
  9261 | D:10     | Killed shugdite's ghost
  9397 | D:10     | Noticed Maurice
  9414 | D:10     | Killed Maurice
  9520 | D:10     | Reached XP level 11. HP: 29/99 MP: 15/15
  9639 | D:10     | Received a gift from Yredelemnul (a mummy)
  9672 | D:10     | Found Fuimm's Assorted Antiques.
  9757 | D:10     | Got a translucent ring mail
  9758 | D:10     | Identified the +0 ring mail of the Furies {Dex+3} (You found it on level 10 of the Dungeon)
  9857 | D:11     | Noticed a cyan ugly thing
  9866 | D:11     | Killed a cyan ugly thing
  9926 | D:11     | Reached **** piety under Yredelemnul
 10153 | D:11     | Noticed a skeletal warrior
 10178 | D:11     | Killed a skeletal warrior
 10250 | D:11     | Noticed a death knight
 10256 | D:11     | Noticed a phantasmal warrior
 10273 | D:11     | Slain by a phantasmal warrior

Skill      XL: |  1  2  3  4  5  6  7  8  9 10 11 |
---------------+----------------------------------+-----
Polearms       | 3 4 5 6 7 9 11 13 14 | 14.0
Fighting       | 4 5 6 7 8 10 | 10.1
Invocations    | 4 6 8 |  8.5
Shields        | 7 9 |  9.7
Armour         | |  3.6

Action                   |  1- 3 |  4- 6 |  7- 9 | 10-12 || total
-------------------------+-------+-------+-------+-------++-------
Melee: Trident           |    85 |   181 |   387 |   320 ||   973
       Headbutt          |    10 |    36 |    74 |    62 ||   182
Invok: Animate Remains   |       |       |    23 |       ||    23
       Animate Dead      |       |       |     4 |    22 ||    26
       Recall Undead Sla |       |       |     1 |     1 ||     2
  Use: Scroll            |       |    14 |       |     1 ||    15
       Potion            |       |       |     1 |     1 ||     2
 Stab: Distracted        |       |       |     5 |     7 ||    12
       Betrayed ally     |       |       |       |     1 ||     1
  Eat: Chunk             |       |     8 |     8 |    10 ||    26
       Ration            |       |       |     5 |     1 ||     6
Armor: Scale mail        |    23 |    24 |       |       ||    47
       Chain mail        |       |    48 |    82 |       ||   130
       Plate armour      |       |       |       |    88 ||    88
Dodge: Dodged            |    19 |    31 |    34 |    19 ||   103
Block: Shield            |    22 |    65 |    85 |    94 ||   266
